 Dungeon Crawl Stone Soup version 0.31-a0-187-gba352fbbf7 (webtiles) character file.

Game seed: 16810188629599727577

89 qw the Shooter (level 4, -6/22 (25) HPs)
             Began as a Deep Elf Hunter on June 22, 2023.
             Mangled by Terence
             ... wielding the +7 Throatcutter {drain, coup de grace}
              (7 damage)
             ... on level 3 of the Dungeon.
             The game lasted 00:01:00 (2104 turns).

qw the Shooter (Deep Elf Hunter)                    Turns: 2104, Time: 00:01:01

HP:   -6/22 (25)    AC:  5    Str: 10    XL:     4   Next: 31%
MP:   6/6           EV: 11    Int: 14    God:
Gold: 90            SH:  0    Dex: 18    Spells: 3/3 levels left

rFire   . . .        Y - +3 shortbow
rCold   . . .        (shield currently unavailable)
rNeg    . . .        i - +0 ring mail
rPois   .            (no helmet)
rElec   .            (no cloak)
rCorr   .            (no gloves)
SInv    .            (no boots)
Will    .....        (no amulet)
Stlth   +            (no ring)
HPRegen 0.23/turn    (no ring)
MPRegen 0.10/turn

%: no passive effects
@: heavily drained
A: no striking features
a: no special abilities


You were on level 3 of the Dungeon.
You visited 1 branch of the dungeon, and saw 3 of its levels.

You collected 90 gold pieces.


   Skills:
 - Level 1.5 Fighting
 + Level 7.7 Ranged Weapons
 - Level 2.4 Dodging
 - Level 1.2 Stealth


You had 3 spell levels left.
You didn't know any spells.
Your spell library was empty.

Inventory:

Hand Weapons
 Y - a +3 shortbow (weapon)
Armour
 i - a +0 ring mail (worn)
Wands
 a - a wand of digging (4)
Scrolls
 b - a scroll of identify
 e - a scroll of blinking {unknown}
Potions
 c - a potion of resistance {unknown}
 d - a potion of cancellation
 g - a potion of might

Dungeon Overview and Level Annotations

Branches:
Dungeon (3/15)

Altars:

Shops:
D:2 :

Annotations:
D:3 Terence


Message History

Enter note: You see here a dart slug corpse.
You see here 6 stones.
You hear the slow rusting of a distant drain.
Found a mace.
Enter note:
Enter note: You now have 71 gold pieces (gained 15).
You now have 79 gold pieces (gained 8).
Found an escape hatch in the floor.
Enter note:
Enter note: You now have 90 gold pieces (gained 11).
You hear the rusting of a very distant drain.
e - a scroll labelled VARAREMNAA
Enter note:
Enter note:
Enter note:
Enter note: Terence the Incautious comes into view.
He is wielding the +7 Throatcutter {drain, coup de grace} and wearing a +0 scale mail of cold resistance.
Terence shouts!
Terence moves out of view.
Enter note:
Enter note:
Enter note:
Enter note:
Enter note:
Enter note:
Enter note:
Enter note: You shoot an arrow.
The arrow hits Terence but does no damage.
Terence hits you with the +7 Throatcutter {drain, coup de grace}!
You feel drained.
You shoot an arrow. The arrow hits Terence.
Terence is lightly wounded.
Terence hits you with the +7 Throatcutter {drain, coup de grace}.
You feel drained.
Terence hits you with the +7 Throatcutter {drain, coup de grace}!
You die...

#..........#
#.##.#...#.#
#.##.##.## #
#.##.##.#
#.##.##.#
#.##..#.#
#.###.#.#
#.###.#.##.#
#.....@@...#
#.###..#####
#.. ### #..
... #.. ###
#.. .# #.. #
#.. .#


You could see Terence.

Vanquished Creatures
  Jessica (D:2)
  A river rat (D:3)
  2 worms
  3 dart slugs
  4 ball pythons
  2 bats
  4 endoplasms
  4 giant cockroaches
  4 goblins
  4 hobgoblins
  3 kobolds
  3 quokkas
  A frilled lizard (D:2)
  2 rats
38 creatures vanquished.

Notes
Turn   | Place    | Note
-------+----------+-------------------------------------------
     0 | D:1      | qw the Deep Elf Hunter began the quest for the Orb.
     0 | D:1      | Reached XP level 1. HP: 12/12 MP: 3/3
     0 | D:1      | 0 ||| qw: Version: 0.3-a-9-g12657ce
     0 | D:1      | 0 ||| qw: Game counter: 2688
     0 | D:1      | 0 ||| qw: Always use a shield: true
     0 | D:1      | 0 ||| qw: God list: Okawaru
     0 | D:1      | 0 ||| qw: Allow faded altars: false
     0 | D:1      | 0 ||| qw: Do Orc after D:15 true
     0 | D:1      | 0 ||| qw: Do second Lair branch before Depths: true
     0 | D:1      | 0 ||| qw: Lair rune preference: random
     0 | D:1      | 0 ||| qw: Plans: Normal
     0 | D:1      | 0 ||| PLANNING D:1-11
   112 | D:1      | Reached XP level 2. HP: 16/16 MP: 4/4
   149 | D:1      | Reached skill level 6 in Ranged Weapons
   674 | D:1      | 674 ||| UPGRADING to +0 ring mail.
   684 | D:1      | 684 ||| DROPPING +0 leather armour.
   685 | D:1      | 685 ||| READING scroll labelled LANANOQEWN.
   686 | D:1      | 686 ||| READING scroll labelled OQEPPA HASI.
   687 | D:1      | 687 ||| READING 3 scrolls labelled WUWAFY YBLIRGH.
   688 | D:1      | 688 ||| READING 2 scrolls of enchant weapon.
   688 | D:1      | 688 ||| ENCHANTING +1 shortbow.
   689 | D:1      | 689 ||| READING scroll of enchant weapon.
   689 | D:1      | 689 ||| ENCHANTING +2 shortbow.
   690 | D:1      | 690 ||| READING scroll labelled GUUNWOSITE.
   691 | D:1      | 691 ||| DRINKING 2 bubbling orange potions.
   692 | D:1      | 692 ||| DROPPING scroll of butterflies.
   755 | D:2      | Reached XP level 3. HP: 20/20 MP: 5/5
   756 | D:2      | Noticed Jessica
   760 | D:2      | Killed Jessica
   761 | D:2      | Reached skill level 7 in Ranged Weapons
   772 | D:2      | Found Extefid's Book Boutique.
  1223 | D:2      | 1223 ||| READING scroll labelled VEOTWU EFYDIQ.
  1224 | D:2      | 1224 ||| READING scroll labelled MONEUN ZIQ.
  1225 | D:2      | 1225 ||| READING scroll labelled RIOD OTSAYD.
  1226 | D:2      | 1226 ||| READING 2 scrolls of identify.
  1226 | D:2      | 1226 ||| IDENTIFYING fizzy dark potion
  1228 | D:2      | 1228 ||| Stepping ~*~*~tactically~*~*~ (cloud).
  1334 | D:2      | 1334 ||| STAIRDANCE
  1561 | D:2      | Reached XP level 4. HP: 25/25 MP: 6/6
  1741 | D:2      | 1741 ||| READING scroll labelled QEKLEPT BEAPU.
  1841 | D:3      | 1841 ||| PLANNING SEWER
  2101 | D:3      | Noticed Terence
  2104 | D:3      | HP: 3/23 [Terence/the +7 Throatcutter {drain, coup de
                  | grace} (6)]
  2104 | D:3      | HP: 1/22 [Terence/the +7 Throatcutter {drain, coup de
                  | grace} (2)]
  2104 | D:3      | Mangled by Terence

Levels and vault maps discovered:
D:1:      nicolae_arrival_memento_mori, layout_basic
D:2:      layout_basic, serial_shops, shop, uniq_jessica
D:3:      layout_loops_ring, nemelex_diamond_rough_becter,
          lightli_sewer_entry_pipes, uniq_terence

Skill      XL: |  1  2  3 |
---------------+----------+-----
Ranged Weapons | 6 7 |  7.7
Fighting       | |  1.5
Dodging        | |  2.4
Stealth        | |  1.2

Action                     |  1- 3 |  4- 6 || total
---------------------------+-------+-------++-------
   Fire: Shortbow          |    79 |    20 ||    99
    Use: Scroll            |    10 |     1 ||    11
         Potion            |     1 |       ||     1
 Armour: Leather armour    |     3 |       ||     3
         Ring mail         |     1 |       ||     1
  Dodge: Dodged            |     6 |       ||     6

Table legend:
 A = Non-vault XP
 B = Vault XP
 C = Vault XP percentage of total XP
 D = Non-vault monster count
 E = Vault monster count
 F = Vault count percentage of total count
                 A         B        C        D         E       F
            +---------+---------+-------+---------+---------+-------
      Total |      72 |      56 |  43.8 |      34 |       4 |  10.5
            +---------+---------+-------+---------+---------+-------
        D:1 |      36 |       0 |   0.0 |      18 |       0 |   0.0
        D:2 |      28 |      37 |  56.9 |      12 |       1 |   7.7
        D:3 |       8 |      19 |  70.4 |       4 |       3 |  42.9
            +---------+---------+-------+---------+---------+-------
